 Dungeon Crawl Stone Soup version 0.29.1-15-g9cfb28693d (webtiles) character file.

Game seed: 17920303251708077491

18 Curundu the Trooper (level 2, 0/40 HPs)
             Began as a Minotaur Berserker on Feb 15, 2024.
             Was a Follower of Trog.
             Constricted to death by a ball python (1 damage)
             ... on level 1 of the Dungeon.
             The game lasted 00:02:55 (494 turns).

Curundu the Trooper (Minotaur Berserker)             Turns: 494, Time: 00:02:55

Health: 0/40       AC:  2    Str: 21    XL:     2   Next: 48%
Magic:  1/1        EV:  8    Int:  4    God:    Trog [*.....]
Gold:   20         SH:  2    Dex:  9    Spells: 1/1 levels left

rFire   . . .      SeeInvis .   a - +0 hand axe
rCold   . . .      Faith    .   c - +0 buckler
rNeg    . . .      Spirit   .   b - +0 animal skin
rPois   .          Reflect  .   (helmet restricted)
rElec   .          Harm     .   (no cloak)
rCorr   .          Rampage  .   (no gloves)
Will    .....                   (no boots)
Stlth   ..........              (no amulet)
HPRegen 0.13/turn               (no ring)
MPRegen 0.07/turn               (no ring)

@: berserking, constricted, very quick
A: horns 2, retaliatory headbutt
a: Renounce Religion, Berserk


You were on level 1 of the Dungeon.
You worshipped Trog.
Trog was aware of your devotion.
You visited 1 branch of the dungeon, and saw 1 of its levels.

You collected 20 gold pieces.

Inventory:

Hand Weapons
 a - a +0 hand axe (weapon)
Armour
 b - a +0 animal skin (worn)
 c - a +0 buckler (worn)
Scrolls
 e - a scroll of vulnerability {unknown}
 f - a scroll of identify {unknown}
Potions
 d - a potion of degeneration {unknown}


   Skills:
 + Level 4.1 Fighting
 + Level 4.0 Axes
 + Level 2.5 Armour
 + Level 2.4 Dodging
 + Level 0.1 Stealth


You had one spell level left.
You didn't know any spells.
Your spell library was empty.

Dungeon Overview and Level Annotations

Branches:
Dungeon (1/15)

Altars:


Innate Abilities, Weirdness & Mutations

You have a pair of horns on your head.
You reflexively headbutt those who attack you in melee.


Message History

There are monsters nearby!
A rat comes into view.
A ball python comes into view.
The quokka barely misses you. You furiously retaliate!
You headbutt the quokka.
You kill the quokka!
Trog accepts your kill.
A hobgoblin comes into view.
The ball python hisses angrily.
The kobold hits you with a +0 whip.
Found 5 stones.
The kobold hits you with a +0 whip.
Found 6 stones.
The kobold hits you with a +0 whip. You block the rat's attack.
You block the ball python's attack. The ball python misses you.
The rat barely misses you. The kobold closely misses you.
You barely miss the rat. You hit the kobold but do no damage.
You closely miss the hobgoblin. You closely miss the ball python.
The ball python bites you. The ball python barely misses you.
The hobgoblin hits you. The kobold barely misses you. You furiously retaliate!
You headbutt the kobold.
You kill the kobold!
Trog accepts your kill. The rat bites you. The ball python bites you.
The ball python closely misses you. The rat bites you but does no damage.
The hobgoblin hits you.
* * * LOW HITPOINT WARNING * * *
Your Axes skill increases to level 4!
You hit the rat.
You kill the rat!
Trog accepts your kill.
You closely miss the hobgoblin. You hit the ball python.
The ball python bites you.
* * * LOW HITPOINT WARNING * * *
The ball python grabs you. The ball python constricts you.
* * * LOW HITPOINT WARNING * * *
The hobgoblin hits you.
* * * LOW HITPOINT WARNING * * *
A red film seems to cover your vision as you go berserk!
You feel yourself moving faster!
You feel mighty! The ball python bites you.
* * * LOW HITPOINT WARNING * * *
The ball python constricts you.
You die...

..............#
..............# .
..............#
.. #..........#
(.. #..........#
.... #....#.....#
.....#....#.###.#
......g.).+># #.#
.......@..#.###.#
......S.###.#...#
.....#### #)#.###
# (..(. #.#...# #
.... #.###.# #
#### #.# # #.# #
#.# # #.# #####


You could see a hobgoblin and a ball python.

Vanquished Creatures
  2 ball pythons (D:1)
  An endoplasm (D:1)
  2 giant cockroaches (D:1)
  2 hobgoblins (D:1)
  A kobold (D:1)
  2 quokkas (D:1)
  3 bats (D:1)
  2 goblins (D:1)
  A rat (D:1)
16 creatures vanquished.

Notes
Turn   | Place    | Note
-------+----------+-------------------------------------------
     0 | D:1      | Curundu the Minotaur Berserker began the quest for the Orb.
     0 | D:1      | Reached XP level 1. HP: 19/19 MP: 0/0
   202 | D:1      | Reached XP level 2. HP: 22/27 MP: 1/1
   493 | D:1      | HP: 1/27 [hobgoblin (3)]
   494 | D:1      | Constricted to death by a ball python

Illustrated notes

Levels and vault maps discovered:
D:1:      lightli_arrival_chessboard, layout_basic, hex_tiny

Skill      XL: |  1  2 |
---------------+-------+-----
Fighting       | 4 |  4.1
Axes           | 4 |  4.0
Armour         | |  2.5
Dodging        | |  2.4
Stealth        | |  0.1

Action                   || total
-------------------------++-------
Melee: Hand axe          ||    24
       Headbutt          ||     2
Invok: Berserk           ||     1
Armor: Animal skin       ||     9
Dodge: Dodged            ||    30
Block: Buckler           ||     5
